 Dungeon Crawl Stone Soup version 0.22.1-5-g62c59d919a (webtiles) character file.

263 Ihlosi the Conjurer (level 6, -1/51 HPs)
             Began as a Kobold Fire Elementalist on Jan 13, 2019.
             Succumbed to a worker ant's poison
             ... on level 4 of the Dungeon.
             The game lasted 00:12:46 (4735 turns).

Ihlosi the Conjurer (Kobold Fire Elementalist)      Turns: 4735, Time: 00:12:48

Health: -1/51      AC: 23    Str:  5    XL:     6   Next: 42%
Magic:  7/10       EV:  3    Int: 19    God:
Gold:   187        SH:  0    Dex: 15    Spells: 3/11 levels left

rFire    . . .     SeeInvis +   a - +2 falchion (venom)
rCold    . . .     Gourm    .   (shield restricted)
rNeg     + + +     Faith    .   (armour currently unavailable)
rPois    +         Spirit   .   (helmet currently unavailable)
rElec    .         Reflect  .   (cloak currently unavailable)
rCorr    .         Harm     .   (gloves currently unavailable)
MR       +....     NoTele   +   (boots currently unavailable)
Stlth    ++........             (no amulet)
HPRegen  0.17/turn              f - ring of see invisible
MPRegen  0.12/turn              l - ring of protection from magic

@: lethally poisoned (-1 -> -13), tree-form
A: small, carnivore
a: no special abilities


You were on level 4 of the Dungeon.
You were completely stuffed.
You were a tree.
You visited 1 branch of the dungeon, and saw 4 of its levels.

You collected 187 gold pieces.

Inventory:

Hand Weapons
 a - a +2 falchion of venom (weapon)
 b - a +2 dagger of venom
 e - a +0 blowgun
Missiles
 j - 6 curare-tipped needles
 m - 9 poisoned needles
 n - 17 bolts
 u - 56 stones (quivered)
Armour
 d - a +0 robe (melded)
 h - a +0 cloak (melded)
 q - a +0 helmet (melded)
Jewellery
 f - a ring of see invisible (left branch)
 l - a ring of protection from magic (right branch)
Wands
 s - a wand of iceblast (8)
Scrolls
 g - 7 scrolls of teleportation {unknown}
 k - 2 scrolls of magic mapping {unknown}
 o - a scroll of fear {unknown}
 p - 2 scrolls of enchant armour {unknown}
 r - 3 scrolls of remove curse {unknown}
 t - a scroll of identify {unknown}
 v - a scroll of immolation {unknown}
Comestibles
 c - 14 rations
 i - a chunk of flesh


   Skills:
 * Level 1.5 Fighting
 * Level 3.2 Dodging
 * Level 3.6 Stealth
 * Level 3.2 Spellcasting
 * Level 3.9 Conjurations
 * Level 0.2 Translocations
 * Level 3.5 Fire Magic
 * Level 0.7 Evocations


You had 3 spell levels left.
You knew the following spells:

 Your Spells              Type           Power        Failure   Level  Hunger
a - Flame Tongue          Conj/Fire      ###..        3%          1    None
b - Throw Flame           Conj/Fire      ###...       4%          2    ##.....
c - Sticky Flame          Conj/Fire      ###.....     32%         4    ####...
d - Apportation           Tloc           #.....       13%         1    None

Your spell library contained the following spells:

 Spells                   Type           Power        Failure   Level  Hunger
 Conjure Flame            Conj/Fire      ###.....     10%         3    ###....
 Animate Skeleton         Necr           N/A          16%         1    None
 Confusing Touch          Hex            #.....       16%         1    None
 Summon Small Mammal      Summ           #...         16%         1    None
 Inner Flame              Hex/Fire       #.......     22%         3    ###....
 Fireball                 Conj/Fire      ###.......   65%         5    ######.


Dungeon Overview and Level Annotations

Branches:
Dungeon (4/15)
 Temple: D:4-7

Altars:
Uskayaw

Annotations:
D:4 2 transporters


Innate Abilities, Weirdness & Mutations

You are small and have problems with some larger weapons.
You are carnivorous and can eat meat at any time.


Message History

Confirm with . or Enter, or press ? or * to list all spells.
Aiming: Flame Tongue (safe; 3% risk of failure)
Press: ? - help, Shift-Dir - straight line, f/p - worker ant
Aim: a worker ant (severely wounded)
The flame tongue hits the worker ant.
You kill the worker ant!
* * * LOW HITPOINT WARNING * * *
You feel sick.
Casting: Flame Tongue (safe; 3% risk of failure)
Confirm with . or Enter, or press ? or * to list all spells.
You can't see any susceptible monsters within range! (Use Z to cast anyway.) It was a potion of lignification.
You turn into a tree.
Your +0 cloak melds into your body.
Your +0 helmet melds into your body.
Your +0 robe melds into your body.
Your roots penetrate the ground.
* * * LOW HITPOINT WARNING * * *
You feel sick.
There is a lethal amount of poison in your body!
* * * LOW HITPOINT WARNING * * *
You feel sick.
You die...

###### .### .....## #....
....... ##### ### .....#
..# ##.....# #.###......#
##.# # #.#♣†.....# #...
#.###.......!# #..##.#
#....######### #..##.#
####.######## #...#.#
#.##.....# #.#.#.##
#.##.....####.#.#...
######.##................
#......##.....###....#...
#.#######.........©.....#


There were no monsters in sight!

Vanquished Creatures
  A hound (D:4)
  A worker ant (D:4)
  8 adders
  A gnoll (D:1)
  An ooze (D:2)
  2 adder skeletons
  4 worms
  A dart slug (D:3)
  4 leopard geckos
  10 orcs
  7 bats
  4 giant cockroaches
  17 goblins
  10 hobgoblins
  7 kobolds
  A quokka (D:4)
  2 ball pythons
  3 frilled lizards
  5 rats (D:1)
89 creatures vanquished.

Notes
Turn   | Place    | Note
-------+----------+-------------------------------------------
     0 | D:1      | Ihlosi the Kobold Fire Elementalist began the quest for the
                  | Orb.
     0 | D:1      | Reached XP level 1. HP: 10/10 MP: 3/3
   138 | D:1      | Reached XP level 2. HP: 4/15 MP: 3/5
   829 | D:1      | Reached XP level 3. HP: 19/19 MP: 2/6
  1048 | D:1      | Learned a level 2 spell: Throw Flame
  1742 | D:2      | Reached XP level 4. HP: 19/24 MP: 5/7
  1760 | D:2      | Learned a level 4 spell: Sticky Flame
  2594 | D:3      | Reached skill level 1 in Fighting
  2610 | D:3      | Found a hide-covered altar of Uskayaw.
  2650 | D:3      | Reached XP level 5. HP: 29/29 MP: 5/8
  3060 | D:3      | Learned a level 1 spell: Apportation
  3148 | D:3      | Noticed an ogre
  4203 | D:4      | Reached XP level 6. HP: 30/34 MP: 6/10
  4499 | D:4      | Noticed a kobold demonologist
  4502 | D:4      | Found a transporter.
  4503 | D:4      | Found a transporter.
  4733 | D:4      | HP: 2/51 [poisoned by a worker ant]
  4735 | D:4      | Succumbed to a worker ant's poison

Skill      XL: |  1  2  3  4  5 |
---------------+----------------+-----
Conjurations   | 2 3 |  3.9
Stealth        | 3 |  3.6
Fighting       | 1 |  1.5
Dodging        | 3 |  3.2
Spellcasting   | 3 |  3.2
Translocations | |  0.2
Fire Magic     | |  3.5
Evocations     | |  0.7

Action                   |  1- 3 |  4- 6 || total
-------------------------+-------+-------++-------
Melee: Unarmed           |    14 |       ||    14
       Short sword       |     2 |       ||     2
       Dagger            |     1 |     1 ||     2
       Whip              |     4 |    14 ||    18
       Falchion          |       |    66 ||    66
 Cast: Flame Tongue      |    51 |    82 ||   133
  Use: Potion            |       |     6 ||     6
 Stab: Sleeping          |     2 |     9 ||    11
  Eat: Chunk             |    11 |    10 ||    21
Armor: Robe              |     8 |    18 ||    26
Dodge: Dodged            |    35 |   101 ||   136
       Rpst.: Falchion   |       |    13 ||    13
